 Dungeon Crawl Stone Soup version 0.26.1-2-gb8aa6d0cf2 (webtiles) character file.

Game seed: 14435662905766866510

76 infcreate the Sneak (level 4, 0/24 HPs)
             Began as a Vampire Enchanter on Mar 31, 2021.
             Killed from afar by Natasha (4 damage)
             ... with a magic dart
             ... on level 2 of the Dungeon.
             The game lasted 00:09:03 (1674 turns).

infcreate the Sneak (Vampire Enchanter)             Turns: 1674, Time: 00:09:04

Health: 0/24       AC:  4    Str:  7    XL:     4   Next: 12%
Magic:  1/7        EV: 13    Int: 17    God:
Gold:   114        SH:  0    Dex: 15    Spells: 4/7 levels left

rFire    . . .     SeeInvis +   a - +1 dagger
rCold    + + +     Faith    .   (no shield)
rNeg     + + +     Spirit   .   b - +0 robe
rPois    ∞         Reflect  .   (no helmet)
rElec    .         Harm     .   (no cloak)
rCorr    .         Rampage  .   (no gloves)
Will     .....                  e - +1 pair of boots (curse)
Stlth    +++++.....             (no amulet)
HPRegen  0.00/turn              (no ring)
MPRegen  0.10/turn              (no ring)

@: bloodless
A: fangs 3, hooves 1, see invisible, cold resistance 2, unbreathing, subdued
magic 1
a: Bat Form, Revivify


You were on level 2 of the Dungeon.
You visited 1 branch of the dungeon, and saw 2 of its levels.

You collected 114 gold pieces.

Inventory:

Hand Weapons
 a - a +1 dagger (weapon)
Armour
 b - a +0 robe (worn)
 e - a cursed +1 pair of boots (worn)
Scrolls
 i - a scroll of identify
Potions
 c - 2 potions of curing
 g - a potion of might {unknown}


   Skills:
 + Level 0.6 Fighting
 * Level 2.1 Short Blades
 * Level 2.9 Dodging
 * Level 5.2 Stealth
 + Level 2.2 Spellcasting
 * Level 5.1 Hexes


You had 4 spell levels left.
You knew the following spells:

 Your Spells              Type           Power        Failure   Level
a - Corona                Hex            15%          1%          1
b - Ensorcelled Hibernat  Hex/Ice        16%          8%          2

Your spell library contained the following spells:

 Spells                   Type           Power        Failure   Level
 Confusing Touch          Hex            14%          5%          3
 Tukima's Dance           Hex            14%          5%          3
 Dazzling Flash           Conj/Hex       16%          17%         3


Dungeon Overview and Level Annotations

Branches:
Dungeon (2/15)

Altars:

Annotations:
D:2 Natasha


Innate Abilities, Weirdness & Mutations

You do not regenerate when monsters are visible.
You are frail without blood (-20% HP).
You can heal yourself when you bite living creatures.
You are immune to poison.
You have razor-sharp teeth.
You have supernaturally acute eyesight. (SInv)
You can survive without breathing.
You have large cloven feet.
Your flesh is very cold resistant. (rC++)
Your spells are a little easier to cast, but a little less powerful.


Message History

Natasha completely misses you.
You hit Natasha.
Natasha is lightly wounded.
Natasha closely misses you.
You hit Natasha.
Natasha is moderately wounded.
Natasha misses you.
You barely miss Natasha.
Natasha is moderately wounded.
Natasha stares at you and mumbles some strange words.
The magic dart hits you.
* * * LOW HITPOINT WARNING * * *
You closely miss Natasha.
Natasha is moderately wounded.
Natasha closely misses you.
You closely miss Natasha.
Natasha is moderately wounded.
Natasha stares at you and mumbles some strange words.
The magic dart hits you.
You die...

#......<# #.....).# #.......#
#.......# .....# #....#### ......
#....# ###### ..>..
###....####....# #...
.........##....############..
.........##....h@.........#.#####
.........##....##########.#.#....
.........##....+ ...............
.........##....# #######........
###########....# .............
#....# ....#5.......
###########...[# #.##.#........
...............## # # #........
................... #.#...###


You could see Natasha.

Vanquished Creatures
  Natasha (D:2)
  2 adders (D:2)
  An ooze (D:1)
  A ball python (D:1)
  A giant cockroach (D:1)
  6 goblins (D:1)
  A hobgoblin (D:1)
  2 jackals (D:1)
  3 bats (D:1)
  A frilled lizard (D:1)
  7 kobolds
  3 rats (D:1)
29 creatures vanquished.

Notes
Turn   | Place    | Note
-------+----------+-------------------------------------------
     0 | D:1      | infcreate the Vampire Enchanter began the quest for the
                  | Orb.
     0 | D:1      | Reached XP level 1. HP: 13/13 MP: 3/3
   413 | D:1      | Reached XP level 2. HP: 12/15 MP: 3/5
   519 | D:1      | Learned a level 2 spell: Ensorcelled Hibernation
  1315 | D:1      | Reached XP level 3. HP: 20/20 MP: 6/6
  1512 | D:2      | Reached skill level 5 in Stealth
  1515 | D:2      | Reached skill level 5 in Hexes
  1562 | D:2      | Noticed Natasha
  1603 | D:2      | Gained mutation: You are dopey. (Int -2) [potion of
                  | mutation]
  1603 | D:2      | Gained mutation: Armour fits poorly on your strangely
                  | shaped body. [potion of mutation]
  1603 | D:2      | Gained mutation: You have a pair of small horns on your
                  | head. [potion of mutation]
  1614 | D:2      | Killed Natasha
  1615 | D:2      | Reached XP level 4. HP: 6/24 MP: 1/7
  1615 | D:2      | Lost mutation: You are dopey. (Int -2) [potion of mutation]
  1615 | D:2      | Lost mutation: You have a pair of small horns on your head.
                  | [potion of mutation]
  1615 | D:2      | Lost mutation: Armour fits poorly on your strangely shaped
                  | body. [potion of mutation]
  1615 | D:2      | Gained mutation: You have large cloven feet. [potion of
                  | mutation]
  1615 | D:2      | Gained mutation: Your flesh is cold resistant. (rC+)
                  | [potion of mutation]
  1615 | D:2      | Gained mutation: Your spells are a little easier to cast,
                  | but a little less powerful. [potion of mutation]
  1615 | D:2      | Gained mutation: Your flesh is very cold resistant. (rC++)
                  | [potion of mutation]
  1665 | D:2      | Noticed Natasha
  1674 | D:2      | Killed from afar by Natasha

Illustrated notes

Levels and vault maps discovered:
D:1:      evilmike_arrival_fibonacci_small, layout_basic
D:2:      layout_basic, uniq_natasha

Skill      XL: |  1  2  3 |
---------------+----------+-----
Stealth        | 5 |  5.2
Short Blades   | 2 |  2.1
Hexes          | 5 |  5.1
Fighting       | |  0.6
Dodging        | |  2.9
Spellcasting   | |  2.2

Action                   |  1- 3 |  4- 6 || total
-------------------------+-------+-------++-------
Melee: Dagger            |    87 |     6 ||    93
       Bite              |     3 |       ||     3
       Headbutt          |     2 |       ||     2
 Cast: Corona            |    16 |       ||    16
       Ensorcelled Hiber |     8 |     3 ||    11
 Abil: Exsanguinate      |     1 |       ||     1
  Use: Scroll            |     3 |       ||     3
       Potion            |     1 |     1 ||     2
 Stab: Sleeping          |    12 |       ||    12
Armor: Robe              |    13 |       ||    13
Dodge: Dodged            |    68 |     5 ||    73
